 Dungeon Crawl Stone Soup version 0.20.1-1-g8b1a95d (webtiles) character file.

219 iopi the Covered (level 6, -2/48 HPs)
             Began as a Formicid Fighter on Oct 19, 2017.
             Slain by an ogre
             ... wielding a +0 giant club
              (18 damage)
             ... on level 4 of the Dungeon.
             The game lasted 00:30:23 (3587 turns).

iopi the Covered (Formicid Fighter)                 Turns: 3587, Time: 00:30:24

Health: -2/48      AC:  7    Str: 22    XL:     6   Next: 18%
Magic:  6/6        EV:  8    Int:  8    God:
Gold:   214        SH: 12    Dex: 10    Spells: 5/5 levels left

rFire    . . .     SeeInvis +   a - +1 war axe
rCold    + . .     Gourm    .   c - +0 shield
rNeg     . . .     Faith    .   b - +0 scale mail
rPois    .         Spirit   .   (helmet unavailable)
rElec    .         Reflect  +   (no cloak)
rCorr    .         Harm     .   (no gloves)
MR       .....                  (no boots)
Stlth    ..........             f - +3 amulet of reflection
Regen    0.2/turn               l - ring of protection from cold
MPRegen  0.1/turn               (no ring)

@: no status effects
A: permanent stasis, dig shafts and tunnels, four strong arms, antennae 3
a: Dig, Shaft Self


You were on level 4 of the Dungeon.
You were not hungry.

You visited 1 branch of the dungeon, and saw 4 of its levels.

You collected 214 gold pieces.

Inventory:

Hand Weapons
 a - a +1 war axe (weapon)
Armour
 b - a +0 scale mail (worn)
 c - a +0 shield (worn)
Jewellery
 f - a +3 amulet of reflection (around neck)
 l - a ring of protection from cold (left hand)
 n - an uncursed amulet of regeneration
Scrolls
 e - 3 scrolls of teleportation
 g - 2 scrolls of fog
 j - a scroll of enchant weapon
 m - a scroll of enchant armour {unknown}
 q - a scroll of recharging
Potions
 d - 2 potions of might
 h - a potion of curing {unknown}
 i - a potion of ambrosia {unknown}
 k - a potion of haste {unknown}
 p - a potion of magic {unknown}
Comestibles
 o - 2 fruits


   Skills:
 + Level 3.8 Fighting
 + Level 4.1 Axes
 + Level 4.4 Armour
 + Level 1.1 Dodging
 + Level 0.3 Stealth
 + Level 4.3 Shields


You had 5 spell levels left.
You didn't know any spells.

Dungeon Overview and Level Annotations

Branches:
Dungeon (4/15)
 Temple: D:4-7

Altars:
Fedhas
Ru
Vehumet


Innate Abilities, Weirdness & Mutations

You cannot be hasted, slowed, berserked, paralysed or teleported.
You can dig through walls and to a lower floor.
Your four strong arms can wield two-handed weapons with a shield.
You have a pair of large antennae on your head. (SInv)


Message History

Your scale mail prevents you from hitting the ogre.
The ogre hits you with a giant club!!
Your shield prevents you from hitting the ogre.
You block the ogre's attack.
You slash the ogre!
The ogre is moderately wounded.
The ogre barely misses you.
You hit the ogre.
The ogre is heavily wounded.
The ogre hits you with a giant club!
You slash the ogre!
The ogre is severely wounded.
You block the ogre's attack.
You barely miss the ogre.
The ogre is severely wounded.
The ogre closely misses you.
You hit the ogre.
The ogre is almost dead.
The ogre hits you with a giant club!!
You die...

#.#..#.##.).#.#...##
#.#.>..#...##.##...#
#.#....#..##...##..#
####'#....####.....####
#......................
#......................
#......################
#......# #[....@#
#......O......
#.....######## #.....#
####+##


You could see an ogre.

Vanquished Creatures
  A bullfrog zombie (D:3)
  A worker ant (D:4)
  A gnoll (D:4)
  7 adders
  An ooze (D:2)
  2 worms
  3 dart slugs
  A leopard gecko (D:2)
  5 orcs (D:3)
  3 bats
  3 giant cockroaches
  8 goblins
  8 hobgoblins
  7 jackals (D:2)
  A quokka (D:3)
  3 ball pythons
  4 frilled lizards
  7 kobolds
  8 rats
74 creatures vanquished.

Notes
Turn   | Place    | Note
-------+----------+-------------------------------------------
     0 | D:1      | iopi the Formicid Fighter began the quest for the Orb.
     0 | D:1      | Reached XP level 1. HP: 18/18 MP: 1/1
   155 | D:1      | Reached XP level 2. HP: 24/24 MP: 2/2
   790 | D:2      | Reached XP level 3. HP: 29/29 MP: 3/3
  1117 | D:2      | Reached XP level 4. HP: 29/36 MP: 4/4
  2110 | D:2      | Reached XP level 5. HP: 32/41 MP: 5/5
  2394 | D:3      | Reached skill level 1 in Dodging
  2567 | D:3      | Found a sacrificial altar of Ru.
  2572 | D:3      | Found a radiant altar of Vehumet.
  2579 | D:3      | Found a blossoming altar of Fedhas.
  3313 | D:4      | Reached XP level 6. HP: 40/48 MP: 6/6
  3576 | D:4      | Noticed an ogre
  3587 | D:4      | Slain by an ogre

Skill      XL: |  1  2  3  4  5 |
---------------+----------------+-----
Axes           | 3 4 |  4.1
Armour         | 4 |  4.4
Shields        | 4 |  4.3
Dodging        | 1 |  1.1
Fighting       | |  3.8
Stealth        | |  0.3

Action                   |  1- 3 |  4- 6 || total
-------------------------+-------+-------++-------
Melee: War axe           |    84 |   149 ||   233
  Use: Scroll            |       |     7 ||     7
       Potion            |       |     2 ||     2
  Eat: Bread ration      |     1 |     1 ||     2
       Royal jelly       |       |     1 ||     1
Armor: Scale mail        |    39 |    42 ||    81
Dodge: Dodged            |    30 |    42 ||    72
Block: Shield            |    30 |    88 ||   118
